 Dungeon Crawl Stone Soup version 0.26.0-45-g9c1d065592 (webtiles) character file.

Game seed: 449489681358739838

(classic levelgen) 37 thiole the Magician (level 3, -1/22 HPs)
             Began as an Octopode Hedge Wizard on Jan 28, 2021.
             Slain by a leopard gecko (4 damage)
             ... on level 2 of the Dungeon.
             The game lasted 00:03:17 (1360 turns).

thiole the Magician (Octopode Hedge Wizard)         Turns: 1360, Time: 00:03:18

Health: -1/22      AC:  1    Str:  9    XL:     3   Next: 39%
Magic:  3/7        EV: 13    Int: 17    God:
Gold:   25         SH:  0    Dex: 11    Spells: 7/8 levels left

rFire    . . .     SeeInvis .   b - +0 hunting sling (vorpal)
rCold    . . .     Faith    .   (no shield)
rNeg     . . .     Spirit   .   c - +0 hat
rPois    .         Reflect  .   (no amulet)
rElec    .         Harm     .   (no ring)
rCorr    .         Rampage  .   (no ring)
Will     .....                  (no ring)
Stlth    +++.......             (no ring)
HPRegen  0.07/turn              (no ring)
MPRegen  0.10/turn              (no ring)
                                (no ring)
                                (no ring)

@: no status effects
A: almost no armour, stealthy swim, amphibious, 8 rings, constrict 8, camouflage
1, gelatinous body 1
a: no special abilities


You were on level 2 of the Dungeon.
You visited 1 branch of the dungeon, and saw 2 of its levels.

You collected 25 gold pieces.

Inventory:

Hand Weapons
 a - a +0 dagger
 b - a +0 vorpal hunting sling (weapon)
Missiles
 e - 13 sling bullets (quivered ammo)
 l - 24 stones
Armour
 c - a +0 hat (worn)
Jewellery
 o - an uncursed ring of stealth {unknown}
Scrolls
 d - a scroll of remove curse {unknown}
 g - a scroll of identify {unknown}
 i - a scroll of magic mapping {unknown}
 m - a scroll of teleportation {unknown}
Potions
 f - a potion of might {unknown}
 h - a potion of haste {unknown}
 j - a potion of attraction {unknown}
 k - a potion of brilliance {unknown}
 n - a potion of degeneration {unknown}


   Skills:
 + Level 0.9 Fighting
 - Level 2.0 Slings
 - Level 2.0 Dodging
 - Level 2.6 Stealth
 - Level 3.0 Spellcasting
 - Level 1.0 Conjurations
 - Level 2.0 Summonings
 - Level 1.0 Translocations


You had 7 spell levels left.
You knew the following spells:

 Your Spells              Type           Power        Failure   Level
a - Magic Dart            Conj           20%          12%         1

Your spell library contained the following spells:

 Spells                   Type           Power        Failure   Level
 Call Imp                 Summ           9%           12%         2
 Blink                    Tloc           N/A          17%         2
 Slow                     Hex            2%           26%         2
 Conjure Flame            Conj/Fire      4%           38%         3
 Mephitic Cloud           Conj/Pois/Air  3%           41%         3


Dungeon Overview and Level Annotations

Branches:
Dungeon (2/15)

Altars:

Annotations:
D:2 Terence


Innate Abilities, Weirdness & Mutations

You cannot wear most types of armour.
You are very stealthy in the water. (Stealth+)
You are amphibious.
You can wear up to eight rings at the same time.
You can use your tentacles to constrict eight enemies at once.
Your skin changes colour to match your surroundings (Stealth+).
Your rubbery body absorbs attacks. (AC +1, EV +1)


Message History

Terence is moderately wounded.
Terence hits you with a +2 flail of protection!
The leopard gecko bites you. The leopard gecko barely misses you.
The leopard gecko closely misses you. The leopard gecko bites you.
You are too injured to fight recklessly!
Casting: Magic Dart (safe; 12% risk of failure)
Confirm with . or Enter, or press ? or * to list all spells.
Aiming: Magic Dart (safe; 12% risk of failure)
Press: ? - help, Shift-Dir - straight line, f - leopard gecko
Aim: a leopard gecko (0% to evade)
The magic dart hits the leopard gecko.
The leopard gecko is heavily wounded.
The leopard gecko barely misses you.
There is a stone staircase leading up here.
The leopard gecko bites you.
* * * LOW HITPOINT WARNING * * *
The leopard gecko bites you.
You die...

#.# #.# #.# #.#
#.# #.# # #.# #.#
. #.# #.######.
#.########.##.#...
#.##.........#....
#@##.####.......#.
#l##.# #.†#......
#@##.####..#.##...
#...@......#.#####
###..###...#.#
#.## #...#.# #.#
#.@.#.# #.#
#...#.##### #.#
#...#......


You could see Terence and a leopard gecko.

Vanquished Creatures
  An ooze (D:1)
  2 dart slugs (D:1)
  A leopard gecko (D:1)
  3 giant cockroaches (D:1)
  A goblin (D:1)
  6 hobgoblins
  A kobold (D:1)
  4 bats
  6 rats (D:1)
25 creatures vanquished.

Notes
Turn   | Place    | Note
-------+----------+-------------------------------------------
     0 | D:1      | thiole the Octopode Hedge Wizard began the quest for the
                  | Orb.
     0 | D:1      | Reached XP level 1. HP: 11/11 MP: 4/4
   258 | D:1      | Reached skill level 1 in Slings
   258 | D:1      | Reached XP level 2. HP: 5/17 MP: 0/6
   841 | D:1      | Reached XP level 3. HP: 21/21 MP: 7/7
  1332 | D:2      | Noticed Terence
  1360 | D:2      | Slain by a leopard gecko

Illustrated notes

Levels and vault maps discovered:
D:1:      mrwooster_arrival_statue_2, layout_basic
D:2:      layout_loops_ring, uniq_sigmund, uniq_terence, uniq_jessica

Skill      XL: |  1  2  3 |
---------------+----------+-----
Slings         | 1 2 |  2.0
Summonings     | 2 |  2.0
Fighting       | |  0.9
Dodging        | |  2.0
Stealth        | |  2.6
Spellcasting   | |  3.0
Conjurations   | |  1.0
Translocations | |  1.0

Action                   || total
-------------------------++-------
Melee: Dagger            ||    10
       Tentacles         ||     2
       Constrict         ||     2
 Fire: Hunting sling     ||    48
 Cast: Magic Dart        ||    27
Armor: Skin              ||     4
Dodge: Dodged            ||    30
